Map: King's Cove LE

Players

MAVERICK

  • Race: Zerg Zerg
  • League: Master
  • Spawn Location: 5:00

Mez - Winner!

  • Race: Terran Terran
  • League: Master
  • Spawn Location: 11:00

VOD

Have the link to the VOD?

Description

Time

  • Played on: Aug. 19, 2019, 3:30 p.m.
  • Length: 15:16
Show
View Real Time Build Order
Export as new Build Order

MAVERICK Zerg 

Build Orders: Pool First 

Get SALT Encoding   

  12  0:00  Drone  
  13  0:13  Overlord  
  13  0:18  Drone  
  14  0:31  Extractor  
  14  0:32  Drone x2  
  15  0:44  Spawning Pool  
  15  0:48  Drone  
  15  0:55  Drone  
  17  0:57  Drone  
  17  1:26  Hatchery  
  17  1:31  Zergling x2  
  17  1:32  Zergling x4  
  19  1:43  Metabolic Boost  
  19  1:49  Queen  
  21  1:59  Overlord  
  21  2:03  Drone  
  22  2:19  Zergling x2  
  22  2:20  Zergling x2  
  24  2:40  Zergling x4, Queen  
  24  2:43  Hatchery  
  25  2:53  Zergling x6  
  28  3:00  Drone x2  
  29  3:07  Drone x2  
  31  3:17  Drone x2  
  33  3:27  Drone  
  33  3:28  Drone x2  
  35  3:36  Overlord  
  35  3:47  Overlord  
  35  3:54  Queen  
  37  3:56  Drone x5  
  37  4:01  Queen  
  44  4:09  Queen  
  45  4:17  Drone  
  45  4:18  Drone x3  
  45  4:20  Drone  
  50  4:26  Drone x2  
  50  4:27  Drone x2  
  54  4:40  Overlord x2, Baneling Nest  
  54  4:44  Spine Crawler  
  52  4:55  Drone  
  52  4:58  Drone  
  52  4:59  Overlord  
  55  5:02  Zergling x2  
  55  5:03  Zergling x6  
  59  5:12  Lair, Spore Crawler  
  58  5:18  Drone x3  
  58  5:21  Drone x3, Extractor  
  62  5:24  Baneling  
  62  5:28  Extractor  
  62  5:29  Baneling  
  62  5:35  Drone  
  63  5:37  Spine Crawler  
  63  5:38  Baneling  
  63  5:39  Zergling x4  
  58  5:54  Zergling x2  
  58  5:55  Zergling x6  
  56  6:02  Zergling x12  
  56  6:04  Drone x2  
  62  6:07  Spore Crawler  
  60  6:21  Drone x4  
  60  6:23  Drone  
  64  6:26  Drone  
  65  6:33  Drone x2  
  65  6:35  Evolution Chamber x2  
  65  6:43  Drone x2  
  65  6:44  Drone  
  68  6:50  Drone  
  68  6:51  Drone, Queen  
  68  6:52  Extractor  
  71  6:55  Drone x2  
  71  6:56  Drone  
  74  7:02  Zerg Ground Armor Level 1, Zerg Melee Weapons Level 1  
  71  7:17  Drone x4  
  71  7:20  Overlord x3  
  73  7:26  Spore Crawler  
  72  7:33  Drone  
  72  7:34  Overlord x2  
  73  7:43  Drone  
  74  7:45  Overlord x2  
  74  7:46  Zergling x2  
  74  7:47  Zergling x12  
  74  7:48  Centrifical Hooks  
  79  7:53  Queen  
  79  8:00  Drone x2  
  79  8:01  Drone x4  
  79  8:02  Extractor  
  79  8:03  Extractor  
  83  8:11  Zergling x2  
  83  8:12  Zergling x12  
  77  8:21  Zergling x8  
  68  8:35  Zergling x2, Baneling  
  68  8:36  Zergling x6  
  68  8:38  Zergling x2  
  68  8:39  Zergling x6  
  68  8:40  Baneling x3  
  68  8:41  Baneling x2  
  74  8:46  Zergling x4  
  74  8:55  Zergling x2  
  74  8:56  Zergling x8  
  79  9:02  Drone  
  79  9:03  Drone x2  
  82  9:10  Zergling x6  
  80  9:29  Drone x2  
  80  9:30  Spire, Drone x2  
  82  9:31  Drone x2  
  82  9:33  Zergling x4  
  82  9:36  Zergling x2  
  82  9:38  Baneling x4  
  87  9:40  Drone x2  
  89  9:48  Baneling x2  
  89  9:50  Hatchery, Zerg Melee Weapons Level 2  
  89  9:51  Zerg Ground Armor Level 2  
  88  9:54  Drone  
  89  10:10  Zergling x2  
  89  10:11  Zergling x20  
  89  10:12  Drone  
  89  10:13  Overseer  
  101  10:22  Hatchery  
  101  10:25  Queen  
  102  10:43  Mutalisk x6  
  102  10:44  Mutalisk x4  
  102  10:46  Overlord x2, Zerg Flyer Weapons Level 1  
  108  11:12  Drone x2  
  108  11:13  Drone  
  110  11:20  Drone x2  
  110  11:21  Drone x7  
  110  11:22  Drone  
  120  11:34  Baneling x11  
  120  11:35  Baneling x6  
  120  11:37  Drone  
  121  11:40  Drone x2  
  121  11:41  Infestation Pit  
  121  11:42  Drone x6  
  121  11:44  Extractor  
  127  11:51  Queen  
  123  12:05  Mutalisk x2  
  123  12:06  Mutalisk x5  
  137  12:18  Hive  
  137  12:21  Zergling x2  
  137  12:22  Zergling x8  
  142  12:24  Overlord x2  
  142  12:33  Overlord x2  
  141  12:47  Hatchery  
  140  12:53  Extractor  
  139  13:00  Overlord x2  
  139  13:03  Zergling x22  
  139  13:04  Zergling x32  
  166  13:31  Adrenal Glands  
  166  13:34  Ultralisk Cavern  
  166  13:35  Zergling x24  
  166  13:36  Zergling x4  
  126  13:57  Zergling x2  
  126  13:58  Zergling x34  
  136  14:04  Baneling x6  
  136  14:05  Zergling x2, Baneling x7  
  136  14:06  Zergling x4  
  136  14:08  Drone  
  116  14:28  Zergling x2  
  116  14:29  Zergling x28  
  116  14:30  Zergling x12  
  124  14:36  Zergling x2  
  108  14:43  Zergling x2  
  108  14:44  Zergling x10, Baneling Nest  
Show
View Real Time Build Order
Export as new Build Order

Mez Terran - Winner!

Build Orders: Liberator Opening, Reaper Expand 

Get SALT Encoding   

  12  0:00  SCV  
  13  0:13  SCV  
  14  0:18  Supply Depot  
  14  0:25  SCV  
  15  0:40  SCV  
  15  0:41  Barracks  
  16  0:45  Refinery  
  16  0:52  SCV  
  17  1:04  SCV  
  18  1:16  SCV  
  19  1:29  Reaper, Orbital Command  
  20  1:43  Command Center  
  20  1:56  SCV, Supply Depot  
  21  2:01  Marine  
  22  2:09  SCV  
  23  2:21  Factory, SCV  
  24  2:26  Barracks Reactor  
  23  2:59  SCV  
  23  3:02  Refinery  
  24  3:11  SCV, Starport  
  25  3:14  Hellion  
  25  3:15  Hellion  
  27  3:24  SCV  
  26  3:36  Hellion x2, SCV  
  30  3:46  Command Center, Barracks Tech Lab  
  30  3:48  SCV  
  31  3:53  Supply Depot  
  31  3:56  Supply Depot  
  31  3:57  Liberator  
  31  4:15  Hellion x2, SCV  
  39  4:27  SCV  
  39  4:30  Stimpack  
  40  4:39  SCV  
  40  4:40  Hellion x2  
  45  4:50  Marine  
  45  4:51  SCV  
  47  4:59  Orbital Command  
  47  5:03  SCV  
  48  5:08  Starport Reactor  
  48  5:12  Marine, Factory Reactor  
  48  5:14  Barracks  
  49  5:15  SCV, Barracks  
  50  5:27  SCV  
  51  5:30  Marine  
  51  5:31  Orbital Command  
  52  5:37  Command Center  
  52  5:39  SCV  
  49  5:55  Marine  
  49  5:56  Medivac x2  
  52  6:13  Marine  
  47  6:20  Marine  
  47  6:21  Marine  
  47  6:24  SCV x2  
  47  6:26  Engineering Bay  
  47  6:28  Engineering Bay  
  47  6:31  Marine x3  
  50  6:33  Factory Tech Lab  
  50  6:35  Supply Depot  
  50  6:36  Combat Shield  
  50  6:37  Supply Depot  
  50  6:38  Marine  
  51  6:43  SCV  
  51  6:44  SCV  
  51  6:46  Marine  
  54  6:48  Marine  
  55  6:58  Marine x3  
  58  7:08  Marine x2  
  59  7:16  Marine  
  59  7:17  Marine x2  
  59  7:18  SCV  
  59  7:19  SCV, Orbital Command  
  59  7:22  Terran Infantry Armor Level 1, Terran Infantry Weapons Level 1  
  64  7:25  Marine  
  64  7:27  Marine  
  64  7:28  Medivac  
  68  7:31  Siege Tank  
  68  7:33  SCV x2  
  68  7:34  Marine  
  74  7:42  Orbital Command  
  74  7:46  Marine x2  
  74  7:47  Marine x2  
  74  7:48  SCV x2  
  80  7:55  Marine  
  81  8:00  SCV x2  
  81  8:04  Marine x2  
  85  8:11  Supply Depot  
  85  8:13  Siege Tank, Supply Depot  
  85  8:14  Medivac x2  
  85  8:19  Marine x2  
  88  8:24  Armory, Marine x2  
  86  8:35  Marine  
  86  8:37  Marine  
  87  8:41  Barracks  
  87  8:42  Barracks  
  87  8:47  Marine x2  
  87  8:50  Marine  
  87  8:53  Marine  
  87  8:54  SCV x3  
  87  8:55  Marine  
  93  9:05  Marine x2  
  94  9:16  Marine x3  
  96  9:23  Marine x2  
  86  9:30  Barracks Reactor  
  86  9:31  Barracks Reactor  
  83  9:33  Terran Infantry Armor Level 2, Terran Infantry Weapons Level 2  
  83  9:34  Marine x3  
  83  9:37  Refinery  
  83  9:38  Refinery  
  86  9:39  Refinery  
  86  9:40  Marine  
  86  9:42  Supply Depot  
  86  9:43  Supply Depot  
  87  9:53  Marine x4  
  87  9:54  Siege Tank  
  87  9:58  SCV x2, Marine  
  87  9:59  SCV  
  98  10:08  Marine x4  
  98  10:10  SCV x2, Marine, Supply Depot  
  98  10:11  SCV, Marine x3  
  98  10:13  Supply Depot  
  109  10:22  SCV, Marine  
  109  10:26  Siege Tank, SCV x2, Marine x3  
  119  10:28  Factory  
  119  10:34  Supply Depot  
  119  10:35  SCV  
  120  10:38  SCV  
  120  10:39  SCV  
  120  10:40  Medivac  
  120  10:41  Marine x6, Medivac  
  132  10:43  Marine  
  132  10:46  Marine x2  
  135  10:55  Command Center  
  115  11:11  Marine x2  
  115  11:12  Marine x7  
  115  11:13  Thor  
  115  11:15  Factory Reactor  
  130  11:19  Missile Turret x2  
  130  11:20  Missile Turret  
  130  11:29  Marine x2  
  130  11:31  Marine x6  
  123  11:36  Drilling Claws  
  121  11:49  Marine  
  121  11:50  Marine  
  121  11:54  Marine x7  
  121  11:58  Widow Mine  
  121  11:59  Widow Mine x2  
  134  12:07  Marine x2, Supply Depot  
  134  12:08  Supply Depot  
  136  12:12  Missile Turret, Marine  
  137  12:22  Supply Depot  
  137  12:23  Refinery, Supply Depot  
  137  12:27  Marine x2  
  137  12:28  Marine x4  
  143  12:38  Planetary Fortress  
  143  12:44  SCV x3, Liberator x2  
  146  12:53  Missile Turret  
  146  12:56  SCV x2  
  148  12:59  Widow Mine x3  
  148  13:03  Marine x2  
  162  13:11  Marine  
  162  13:12  Marine x4  
  166  13:23  SCV x3  
  168  13:34  Marine  
  168  13:35  SCV  
  156  13:54  Marine x2  
  156  13:55  Marine x3  
  133  13:56  Marine x4  
  133  13:57  Widow Mine x2  
  133  14:02  Siege Tank  
  147  14:03  Medivac  
  149  14:12  Marine x2  
  149  14:13  Marine x5  
  156  14:18  Marine x2  
  152  14:29  Marine  
  152  14:30  Marine  
  152  14:31  Marine x3  
  139  14:34  Marine  
  139  14:35  Marine x2  
  139  14:36  Widow Mine x2, Marine  
  140  14:39  Medivac x2  
  140  14:41  Widow Mine  
  145  14:47  Marine x2  
  145  14:49  Marine x3  
  145  14:52  Marine x2  
  148  14:53  Marine x2  
  155  15:03  SCV x3  
  155  15:04  Barracks x2  
  155  15:05  Barracks  
Tags
 
Add a new tag
Caveats
  • Supply blocks, unpowered buildings, or Contaminate may cause inaccurate times.
  • Supply counts are checked every 10 seconds.